AoeStats
← 啊超

Arena

504046817Analyzed
3v3 RM · 29d ago on Sep 3, 2026· 39m 13s· 6 players
Game mode
Random Map
Map size
Normal (6 player)
Population
200
Speed
Normal
Resources
Standard
Victory
Conquest
Starting age
Dark Age
Ending age
Imperial Age
RankedLock teamsTeams togetherTeam positionsShared explorationLock speedFull tech treeHidden civsTurbo modeCheats
Victory
Defeat
🇦🇷 Vietnamese · Argentina
1083
+18
🇫🇷 Khmer · France
1050
+31
972
+22
🇲🇽 Japanese · Mexico
1175
-22
🇨🇳 Britons · China
1145
-21
🇵🇱 Koreans · Poland
1033
-16
Zozénia
11:16 Feudal Age
14:14 Castle Age
12:22 Double-Bit Axe
12:37 Horse Collar
15:12 Bow Saw
21:54 Wheelbarrow
22:19 Heavy Plow
22:46 Gold Mining
25:19 Hand Cart
28:00 Imperial Age
26:33 Loom
26:55 Scale Barding Armor
27:50 Husbandry
28:00 Bloodlines
28:25 Fletching
28:56 Chain Barding Armor
28:38 Stone Mining
28:41 Town Watch
28:33 Elite Ballista Elephant
29:17 Bodkin Arrow
29:37 Double Crossbow
31:25 Chemistry
30:46 Ballistics
30:57 Conscription
31:41 Masonry
33:27 Gold Shaft Mining
33:17 Bracer
35:32 Hoardings
35:56 Plate Barding Armor
35:22 Padded Archer Armor
39:48 Siege Engineers
victor.rodrigo159753
11:14 Feudal Age
12:10 Horse Collar
12:18 Double-Bit Axe
13:13 Wheelbarrow
18:46 Castle Age
26:14 Imperial Age
25:59 Chemistry
26:33 Bow Saw
27:59 Hand Cart
28:51 Heavy Plow
30:59 Pikeman
31:40 Squires
31:26 Arson
32:42 Halberdier
33:32 Elite Skirmisher
34:54 Imperial Skirmisher
39:39 Two-Man Saw
diavolomagro
10:34 Feudal Age
14:49 Castle Age
13:17 Double-Bit Axe
13:22 Horse Collar
16:15 Wheelbarrow
18:39 Bow Saw
22:29 Hand Cart
22:04 Loom
22:05 Town Watch
24:07 Gold Mining
24:08 Stone Mining
24:25 Heavy Plow
29:47 Imperial Age
27:33 Fletching
27:43 Padded Archer Armor
28:24 Stone Shaft Mining
28:41 Bodkin Arrow
28:47 Scale Mail Armor
28:58 Forging
28:54 Scale Barding Armor
29:08 Elite Skirmisher
30:40 Bracer
31:43 Chemistry
31:53 Two-Man Saw
31:25 Crop Rotation
31:19 Leather Archer Armor
31:15 Imperial Skirmisher
32:46 Bloodlines
32:36 Husbandry
32:41 Chatras
33:37 Chain Barding Armor
32:47 Elite Battle Elephant
34:48 Ring Archer Armor
34:57 Fortified Wall
36:20 Plate Barding Armor
Sacrilegious
12:17 Feudal Age
14:10 Double-Bit Axe
16:59 Castle Age
15:10 Horse Collar
17:52 Bow Saw
17:29 Loom
18:19 Wheelbarrow
25:49 Gold Mining
25:49 Stone Mining
26:35 Heavy Plow
27:35 Gold Shaft Mining
31:21 Imperial Age
29:25 Fletching
29:35 Padded Archer Armor
29:25 Treadmill Crane
29:56 Masonry
29:25 Pikeman
30:05 Squires
30:06 Bodkin Arrow
29:56 Elite Skirmisher
31:27 Ballistics
31:03 Murder Holes
31:19 Fortified Wall
31:29 Hand Cart
32:09 Bracer
32:25 Leather Archer Armor
32:04 Town Watch
33:18 Siege Engineers
34:14 Chemistry
33:57 Kataparuto
33:58 Conscription
34:26 Thumb Ring
34:53 Ring Archer Armor
34:23 Scale Mail Armor
34:34 Forging
35:04 Hoardings
37:58 Onager
Kobra
11:24 Feudal Age
11:46 Horse Collar
14:01 Double-Bit Axe
19:35 Wheelbarrow
22:24 Castle Age
25:52 Hand Cart
25:51 Bow Saw
29:30 Town Watch
29:31 Loom
29:41 Fletching
30:42 Bodkin Arrow
36:20 Town Patrol
啊超
10:44 Feudal Age
15:27 Castle Age
13:51 Double-Bit Axe
14:01 Horse Collar
15:13 Loom
28:30 Imperial Age
26:52 Bow Saw
26:34 Gambesons
26:47 Gold Mining
27:15 Fletching
27:28 Padded Archer Armor
27:50 Arson
27:27 Pikeman
28:34 Squires
28:54 Leather Archer Armor
30:41 Chemistry
30:04 Ballistics
30:36 Bodkin Arrow
30:54 Forging
31:05 Crossbowman
31:24 Halberdier
33:31 Iron Casting
32:58 Scale Mail Armor
33:02 Husbandry
33:45 Conscription
33:08 Cavalier
35:19 Chain Mail Armor
36:16 Arbalester
39:30 Plate Mail Armor
Connection lost

Rejoining the realm…

Still unreachable

The connection could not be restored.

Session expired

The server has moved on; the page needs a fresh start.